 Dungeon Crawl Stone Soup version 0.29.0-4-gdea44cf6ec (webtiles) character file.

Game seed: 15014621973087822479

5617 qw the Cleaver (level 10, -1/63 HPs)
             Began as a Gargoyle Fighter on Sept 6, 2022.
             Was a Priest of Okawaru.
             Slain by a vampire (7 damage)
             ... on level 10 of the Dungeon.
             The game lasted 00:04:10 (10439 turns).

qw the Cleaver (Gargoyle Fighter)                  Turns: 10439, Time: 00:04:10

Health: -1/63      AC: 22    Str: 23    XL:     10   Next: 73%
Magic:  13/13      EV:  9    Int: 10    God:    Okawaru [***...]
Gold:   39         SH: 11    Dex: 15    Spells: 9/9 levels left

rFire   . . .      SeeInvis .   Y - +6 war axe
rCold   + + .      Faith    .   s - +0 kite shield
rNeg    + . .      Spirit   .   k - +0 scale mail of the Sharp God {rC++}
rPois   inf        Reflect  .   l - +1 helmet
rElec   +          Harm     .   g - +0 cloak
rCorr   +          Rampage  .   b - +1 pair of gloves
Will    .....                   c - +1 pair of boots {Fly}
Stlth   ..........              (no amulet)
HPRegen 0.20/turn               e - ring of resist corrosion
MPRegen 0.13/turn               a - +6 ring of dexterity

@: flying
A: sickness immunity, AC +7, negative energy resistance 1, electricity
resistance, torment resistance 1, petrification resistance
a: Renounce Religion, Heroism


You were on level 10 of the Dungeon.
You worshipped Okawaru.
Okawaru was most pleased with you.
You visited 2 branches of the dungeon, and saw 11 of its levels.

You collected 626 gold pieces.
You spent 587 gold pieces at shops.


Innate Abilities, Weirdness & Mutations

You are immune to sickness and miasma.
Your stone body is resilient. (AC +7)
You are immune to poison.
You resist negative energy. (rN+)
You are resistant to electric shocks. (rElec)
You are resistant to unholy torment.
You are immune to petrification.


   Skills:
 + Level 7.0 Fighting
 - Level 10.0 Axes
 - Level 2.0 Throwing
 - Level 5.3 Armour
 - Level 2.0 Dodging
 - Level 9.0 Shields
 - Level 4.0 Invocations


You had 9 spell levels left.
You didn't know any spells.
Your spell library was empty.

Inventory:

Hand Weapons
 q - a +0 morningstar
 Y - a +6 war axe (weapon)
Missiles
 f - 11 javelins (quivered)
 j - 8 boomerangs
 x - 2 silver boomerangs
Armour
 b - a +1 pair of gloves (worn)
 c - a +1 pair of boots of flying (worn)
 g - a +0 cloak (worn)
 k - the +0 scale mail of the Sharp God (worn) {rC++}
   (You acquired it on level 3 of the Dungeon)

   rC:        It greatly protects you from cold.
 l - a +1 helmet (worn)
 s - a +0 kite shield (worn)
 w - a +0 chain mail
Jewellery
 a - a +6 ring of dexterity (right hand)
 e - a ring of resist corrosion (left hand)
 y - a ring of wizardry
Scrolls
 i - 2 scrolls of identify
 n - 2 scrolls of teleportation
Potions
 d - 2 potions of might
 h - 5 potions of heal wounds
 m - 2 potions of cancellation
 o - 2 potions of attraction
 p - 2 potions of lignification
 r - 4 potions of curing
 t - 2 potions of haste
 u - a potion of magic
 v - a potion of mutation
 z - a potion of resistance

Dungeon Overview and Level Annotations

Branches:
Dungeon (10/15)            Temple (1/1) D:4
   Lair: D:8-11         Orc: D:9-12

Altars:
Cheibriados
Dithmenos
Elyvilon
Fedhas
Hepliaklqana
Makhleb
Nemelex Xobeh
Okawaru
Uskayaw
Vehumet
Wu Jian
Yredelemnul
Zin
The Shining One

Shops:
D:3 *   D:6 *   D:8 [   D:10 !


Message History

You block something's attack. Something hits you but does no damage.
Something bites you but does no damage.
You barely miss something. Something hits you but does no damage.
You hear some strange, mumbled words.
You are confused.
10429 ||| DRINKING 5 potions of curing.
You feel better.
10429 ||| (to cure confusion)
You feel like a meek peon again. Something hits you!
Something hits you but does no damage. Something bites you but does no damage.
You hit something but do no damage. Something hits you. Something hits you!
Something bites you but does no damage.
You miss something. Something hits you. Something hits you!
Something bites you.
You miss something. You block something's attack.
Something hits you but does no damage. Something bites you but does no damage.
Something hits you but does no damage.
You hit something. You miss something. Something hits you but does no damage.
Something hits you. You block something's attack. Something hits you.
You block something's attack.
You hit something.
You are no longer corroded.
Something hits you but does no damage. You block something's attack.
Something bites you but does no damage.
You closely miss something. Something hits you. You block something's attack.
Something bites you but does no damage.
You slash something! Something hits you but does no damage.
You hear some strange, mumbled words.
Something tries to affect you, but you resist.
You miss something.
Something hits you but does no damage. x3; You block something's attack.
You closely miss something. You hit something but do no damage.
Something hits you but does no damage. x3
Something bites you but does no damage.
You closely miss something. x2
You block something's attack. Something hits you. Something bites you!
You die...

.....# ......#
.......
.......
....... ####..
....!.. ##....
......{####..#
#[@....# ..
#####..######.
... ##........
...# #..####..
#..# ##.##
#..# #.##
#..###.##
#).##..###
#.......#


There were no monsters in sight!

Vanquished Creatures
  Maggie (D:8)
  A hornet (D:9)
  5 yaks (D:10)
  2 wyverns (D:9)
  A steam dragon (D:10)
  Menkaure (D:5)
  2 acid dragons
  A water moccasin (D:7)
  3 orc warriors
  2 black bears
  2 sky beasts
  3 ice beasts
  An ogre (D:5)
  5 centaurs
  2 phantoms
  2 kobold brigands (D:9)
  3 bullfrogs
  A scorpion (D:5)
  A gnoll sergeant (D:7)
  A necrophage (D:5)
  8 wights
  A howler monkey (D:9)
  6 orc priests
  6 hounds
  Natasha (twice) (D:3)
  An iron imp (D:7)
  10 orc wizards
  7 iguanas
  3 gnolls (D:7)
  5 adders
  A shadow imp (D:8)
  A white imp (D:7)
  2 worms
  4 dart slugs
  33 orcs
  3 ball pythons
  3 endoplasms
  3 giant cockroaches
  9 goblins
  5 hobgoblins
  8 jackals
  18 kobolds
  3 quokkas
  8 bats
  3 frilled lizards
  5 rats
198 creatures vanquished.

Vanquished Creatures (others)
  A kobold (D:1)
1 creature vanquished.

Grand Total: 199 creatures vanquished

Notes
Turn   | Place    | Note
-------+----------+-------------------------------------------
     0 | D:1      | qw the Gargoyle Fighter began the quest for the Orb.
     0 | D:1      | Reached XP level 1. HP: 14/14 MP: 1/1
     0 | D:1      | 0 ||| qw: Version: 0.1-a-108-g9e35731
     0 | D:1      | 0 ||| qw: Game counter: 6180
     0 | D:1      | 0 ||| qw: Always use a shield: true
     0 | D:1      | 0 ||| qw: God list: Okawaru
     0 | D:1      | 0 ||| qw: Allow faded altars: false
     0 | D:1      | 0 ||| qw: Do Orc after D:15 true
     0 | D:1      | 0 ||| qw: Do second Lair branch before Depths: true
     0 | D:1      | 0 ||| qw: Lair rune preference: random
     0 | D:1      | 0 ||| qw: Plans: Normal, Zot, God:TSO, Crypt, Tomb, Zig,
                  | Orb
     0 | D:1      | 0 ||| PLANNING D:1-11
    43 | D:1      | Reached skill level 2 in Axes
   158 | D:1      | Reached XP level 2. HP: 14/19 MP: 2/2
   353 | D:1      | 353 ||| DROPPING +0 club.
   381 | D:1      | Reached skill level 3 in Axes
   393 | D:1      | Reached XP level 3. HP: 20/23 MP: 3/3
   563 | D:1      | Found a faded altar of an unknown god.
   591 | D:1      | 591 ||| Stepping ~*~*~tactically~*~*~ (hiding).
   594 | D:1      | 594 ||| Stepping ~*~*~tactically~*~*~ (hiding).
   803 | D:1      | 803 ||| UPGRADING to +0 cloak.
   808 | D:1      | 808 ||| UPGRADING to +0 helmet.
   813 | D:1      | 813 ||| UPGRADING to ring of resist corrosion.
   814 | D:1      | 814 ||| READING scroll labelled VYMUNWITEI.
   815 | D:1      | 815 ||| READING 2 scrolls labelled XYEMERATUR.
   816 | D:1      | 816 ||| READING scroll labelled VIABAQ ZAELUMI.
   820 | D:1      | 820 ||| DROPPING scroll of vulnerability.
  1411 | D:2      | Reached XP level 4. HP: 25/28 MP: 4/4
  1915 | D:2      | 1915 ||| Stepping ~*~*~tactically~*~*~ (stealth).
  1918 | D:2      | 1918 ||| Stepping ~*~*~tactically~*~*~ (stealth).
  1940 | D:2      | 1940 ||| UPGRADING to +6 ring of dexterity.
  1941 | D:2      | 1941 ||| DRINKING 2 viscous inky potions.
  1942 | D:2      | 1942 ||| Stepping randomly (stuck).
  1944 | D:2      | 1944 ||| Stepping randomly (stuck).
  1946 | D:2      | 1946 ||| Stepping randomly (stuck).
  1947 | D:2      | 1947 ||| Stepping randomly (stuck).
  1948 | D:2      | 1948 ||| Stepping randomly (stuck).
  1950 | D:2      | 1950 ||| Stepping randomly (stuck).
  1952 | D:2      | 1952 ||| Stepping randomly (stuck).
  1954 | D:2      | 1954 ||| Stepping randomly (stuck).
  1955 | D:2      | 1955 ||| Stepping randomly (stuck).
  1956 | D:2      | 1956 ||| Stepping randomly (stuck).
  1957 | D:2      | 1957 ||| Stepping randomly (stuck).
  1959 | D:2      | 1959 ||| Stepping randomly (stuck).
  1961 | D:2      | 1961 ||| Stepping randomly (stuck).
  1962 | D:2      | 1962 ||| Stepping randomly (stuck).
  1964 | D:2      | 1964 ||| Stepping randomly (stuck).
  1965 | D:2      | 1965 ||| Stepping randomly (stuck).
  1966 | D:2      | 1966 ||| Stepping randomly (stuck).
  1967 | D:2      | 1967 ||| Stepping randomly (stuck).
  1968 | D:2      | 1968 ||| Stepping randomly (stuck).
  1970 | D:2      | 1970 ||| Stepping randomly (stuck).
  1971 | D:2      | 1971 ||| Stepping randomly (stuck).
  1973 | D:2      | 1973 ||| Stepping randomly (stuck).
  1974 | D:2      | 1974 ||| Stepping randomly (stuck).
  1975 | D:2      | 1975 ||| Stepping randomly (stuck).
  1980 | D:2      | 1980 ||| Stepping randomly (stuck).
  1982 | D:2      | 1982 ||| Stepping randomly (stuck).
  2006 | D:2      | 2006 ||| READING scroll labelled ETATEMOLUEW.
  2007 | D:2      | 2007 ||| Stepping randomly (stuck).
  2008 | D:2      | 2008 ||| Stepping randomly (stuck).
  2010 | D:2      | 2010 ||| Stepping randomly (stuck).
  2016 | D:2      | 2016 ||| Stepping randomly (stuck).
  2018 | D:2      | 2018 ||| Stepping randomly (stuck).
  2020 | D:2      | 2020 ||| Stepping randomly (stuck).
  2021 | D:2      | 2021 ||| Stepping randomly (stuck).
  2023 | D:2      | 2023 ||| Stepping randomly (stuck).
  2024 | D:2      | 2024 ||| Stepping randomly (stuck).
  2026 | D:2      | 2026 ||| Stepping randomly (stuck).
  2027 | D:2      | 2027 ||| Stepping randomly (stuck).
  2028 | D:2      | 2028 ||| Stepping randomly (stuck).
  2029 | D:2      | 2029 ||| Stepping randomly (stuck).
  2030 | D:2      | 2030 ||| Stepping randomly (stuck).
  2031 | D:2      | 2031 ||| Stepping randomly (stuck).
  2032 | D:2      | 2032 ||| Stepping randomly (stuck).
  2033 | D:2      | 2033 ||| Stepping randomly (stuck).
  2034 | D:2      | 2034 ||| Stepping randomly (stuck).
  2036 | D:2      | 2036 ||| Stepping randomly (stuck).
  2037 | D:2      | 2037 ||| Stepping randomly (stuck).
  2038 | D:2      | 2038 ||| Stepping randomly (stuck).
  2039 | D:2      | 2039 ||| Stepping randomly (stuck).
  2040 | D:2      | 2040 ||| Stepping randomly (stuck).
  2041 | D:2      | 2041 ||| Stepping randomly (stuck).
  2042 | D:2      | 2042 ||| Stepping randomly (stuck).
  2043 | D:2      | 2043 ||| Stepping randomly (stuck).
  2044 | D:2      | 2044 ||| Stepping randomly (stuck).
  2045 | D:2      | 2045 ||| Stepping randomly (stuck).
  2047 | D:2      | 2047 ||| Stepping randomly (stuck).
  2108 | D:2      | 2108 ||| READING scroll labelled OMNAUM KAVA.
  2109 | D:2      | 2109 ||| READING scroll labelled BEXAEP VIAZU.
  2157 | D:3      | 2157 ||| STAIRDANCE
  2168 | D:3      | 2168 ||| STAIRDANCE
  2217 | D:3      | 2217 ||| READING scroll of enchant armour.
  2217 | D:3      | 2217 ||| ENCHANTING +0 helmet.
  2271 | D:3      | 2271 ||| Stepping ~*~*~tactically~*~*~ (hiding).
  2287 | D:3      | Found Binleckuipt's Assorted Antiques.
  2301 | D:3      | 2301 ||| BUYING 2 scrolls labelled PUONEO KITIADU (36
                  | gold).
  2301 | D:3      | Bought 2 scrolls labelled PUONEO KITIADU for 36 gold pieces
  2301 | D:3      | 2301 ||| SHOPLISTING crude chain mail (171 gold, have 56).
  2301 | D:3      | 2301 ||| BUYING fuming black potion (16 gold).
  2301 | D:3      | Bought a fuming black potion for 16 gold pieces
  2301 | D:3      | 2301 ||| BUYING fuming purple potion (16 gold).
  2301 | D:3      | Bought a fuming purple potion for 16 gold pieces
  2301 | D:3      | 2301 ||| SHOPLISTING potion of might (72 gold, have 24).
  2301 | D:3      | 2301 ||| SHOPLISTING scroll of teleportation (54 gold, have
                  | 24).
  2356 | D:3      | Noticed Natasha
  2366 | D:3      | Killed Natasha
  2367 | D:3      | Reached skill level 1 in Dodging
  2472 | D:3      | 2472 ||| DROPPING +0 mace.
  2522 | D:3      | Reached skill level 4 in Axes
  2729 | D:3      | Found a basalt altar of Yredelemnul.
  2799 | D:3      | Noticed Natasha
  2805 | D:3      | Killed Natasha
  2806 | D:3      | Reached XP level 5. HP: 32/32 MP: 5/5
  3092 | D:3      | 3092 ||| READING 4 scrolls labelled PUONEO KITIADU.
  3093 | D:3      | 3093 ||| READING scroll labelled GOAPIN NAESSU.
  3093 | D:3      | Identified a scroll of acquirement
  3093 | D:3      | 3093 ||| ACQUIRING +0 scale mail of the Sharp God {rC++}
  3093 | D:3      | Acquired the +0 scale mail of the Sharp God {rC++}
  3095 | D:3      | 3095 ||| UPGRADING to +0 scale mail of the Sharp God
                  | {rC++}.
  3105 | D:3      | 3105 ||| DROPPING +0 scale mail.
  3106 | D:3      | 3106 ||| DRINKING 2 fuming purple potions.
  3107 | D:3      | 3107 ||| DRINKING 3 fuming black potions.
  3108 | D:3      | 3108 ||| DRINKING 2 blue potions.
  3141 | D:3      | 3141 ||| READING 3 scrolls of identify.
  3141 | D:3      | 3141 ||| IDENTIFYING white potion
  3142 | D:3      | 3142 ||| READING 2 scrolls of identify.
  3142 | D:3      | 3142 ||| IDENTIFYING metallic sapphire potion
  3143 | D:3      | 3143 ||| DROPPING potion of brilliance.
  3144 | D:3      | 3144 ||| DROPPING potion of degeneration.
  3163 | D:4      | 3163 ||| STAIRDANCE
  3170 | D:4      | 3170 ||| STAIRDANCE
  3232 | D:4      | Noticed a phantom
  3233 | D:4      | 3233 ||| Stepping ~*~*~tactically~*~*~ (stealth).
  3256 | D:4      | Killed a phantom
  3257 | D:4      | Reached skill level 5 in Axes
  3257 | D:4      | Reached XP level 6. HP: 23/37 MP: 6/6
  3406 | D:4      | 3406 ||| Stepping ~*~*~tactically~*~*~ (hiding).
  3409 | D:4      | 3409 ||| Stepping ~*~*~tactically~*~*~ (hiding).
  3416 | D:4      | Reached skill level 1 in Throwing
  3732 | D:4      | 3732 ||| SWAPPING to +4 war axe.
  3733 | D:4      | 3733 ||| DROPPING +0 war axe.
  3752 | D:4      | Found a staircase to the Ecumenical Temple.
  3753 | D:4      | 3753 ||| PLANNING TEMPLE
  3753 | D:4      | 3753 ||| READING 3 scrolls labelled MOROSSU GYNEZ.
  3754 | D:4      | 3754 ||| READING scroll labelled LYPRONN PU BENN.
  3755 | D:4      | 3755 ||| READING scroll labelled FOOS NAFEEDO LISK.
  3756 | D:4      | 3756 ||| READING 3 scrolls of identify.
  3756 | D:4      | 3756 ||| IDENTIFYING fuming cyan potion
  3757 | D:4      | 3757 ||| DROPPING 2 scrolls of fear.
  3764 | Temple   | Entered the Ecumenical Temple
  3824 | Temple   | Became a worshipper of Warmaster Okawaru
  3833 | Temple   | 3833 ||| PLANNING D:1-11
  4040 | D:4      | 4040 ||| Stepping ~*~*~tactically~*~*~ (stealth).
  4134 | D:4      | 4134 ||| DRINKING 2 fuming yellow potions.
  4235 | D:4      | 4235 ||| READING 3 scrolls of identify.
  4235 | D:4      | 4235 ||| IDENTIFYING fuming orange potion
  4236 | D:4      | 4236 ||| DROPPING potion of ambrosia.
  4248 | D:5      | Entered Level 5 of the Dungeon
  4254 | D:5      | 4254 ||| STAIRDANCE
  4289 | D:5      | Reached skill level 6 in Axes
  4289 | D:5      | Reached XP level 7. HP: 37/43 MP: 7/7
  4484 | D:5      | 4484 ||| Stepping ~*~*~tactically~*~*~ (hiding).
  4489 | D:5      | Noticed Menkaure
  4491 | D:5      | 4491 ||| Stepping ~*~*~tactically~*~*~ (hiding).
  4493 | D:5      | 4493 ||| Stepping ~*~*~tactically~*~*~ (hiding).
  4494 | D:5      | 4494 ||| Stepping ~*~*~tactically~*~*~ (hiding).
  4496 | D:5      | 4496 ||| Stepping ~*~*~tactically~*~*~ (hiding).
  4505 | D:5      | Killed Menkaure
  4506 | D:5      | Reached skill level 7 in Axes
  4653 | D:5      | 4653 ||| Stepping ~*~*~tactically~*~*~ (stealth).
  4656 | D:5      | 4656 ||| Stepping ~*~*~tactically~*~*~ (stealth).
  4657 | D:5      | 4657 ||| Stepping ~*~*~tactically~*~*~ (stealth).
  4661 | D:5      | Reached * piety under Okawaru
  4798 | D:5      | Reached skill level 1 in Invocations
  4798 | D:5      | Reached XP level 8. HP: 49/49 MP: 8/8
  4882 | D:5      | 4882 ||| INVOKING Heroism.
  5627 | D:5      | 5627 ||| UPGRADING to +0 pair of gloves.
  5660 | D:6      | Noticed an angel
  5660 | D:6      | Found Dapyem's Hallowed Reliquary.
  5709 | D:6      | 5709 ||| BUYING potion of curing (33 gold).
  5709 | D:6      | Bought a potion of curing for 33 gold pieces
  5709 | D:6      | 5709 ||| BUYING potion of curing (33 gold).
  5709 | D:6      | Bought a potion of curing for 33 gold pieces
  5709 | D:6      | 5709 ||| BUYING potion of heal wounds (55 gold).
  5709 | D:6      | Bought a potion of heal wounds for 55 gold pieces
  5709 | D:6      | 5709 ||| BUYING potion of heal wounds (55 gold).
  5709 | D:6      | Bought a potion of heal wounds for 55 gold pieces
  5709 | D:6      | 5709 ||| BUYING potion of heal wounds (55 gold).
  5709 | D:6      | Bought a potion of heal wounds for 55 gold pieces
  5726 | D:6      | 5726 ||| READING scroll of enchant weapon.
  5726 | D:6      | 5726 ||| ENCHANTING +5 war axe.
  5783 | D:6      | Reached skill level 3 in Invocations
  5869 | D:6      | 5869 ||| INVOKING Heroism.
  5934 | D:6      | 5934 ||| Stepping ~*~*~tactically~*~*~ (hiding).
  6008 | D:6      | 6008 ||| Stepping ~*~*~tactically~*~*~ (stealth).
  6488 | D:6      | 6488 ||| DROPPING amulet of faith.
  6489 | D:6      | 6489 ||| READING 2 scrolls labelled ICARRORHOYPN.
  6490 | D:6      | 6490 ||| DROPPING scroll of immolation.
  6515 | D:7      | 6515 ||| READING scroll of enchant armour.
  6515 | D:7      | 6515 ||| ENCHANTING +0 pair of gloves.
  6657 | D:7      | 6657 ||| Stepping ~*~*~tactically~*~*~ (stealth).
  6658 | D:7      | 6658 ||| Stepping ~*~*~tactically~*~*~ (stealth).
  6663 | D:7      | Reached ** piety under Okawaru
  6664 | D:7      | Reached skill level 8 in Axes
  6783 | D:7      | 6783 ||| INVOKING Heroism.
  6785 | D:7      | Reached XP level 9. HP: 55/55 MP: 9/12
  6785 | D:7      | 6785 ||| Stepping ~*~*~tactically~*~*~ (stealth).
  6790 | D:7      | Reached skill level 6 in Fighting
  6793 | D:7      | 6793 ||| Stepping ~*~*~tactically~*~*~ (stealth).
  6799 | D:7      | 6799 ||| Stepping ~*~*~tactically~*~*~ (stealth).
  6809 | D:7      | 6809 ||| Stepping ~*~*~tactically~*~*~ (stealth).
  7147 | D:7      | Found a blossoming altar of Fedhas.
  7156 | D:7      | Found a sparkling altar of Nemelex Xobeh.
  7278 | D:7      | 7278 ||| UPGRADING to +0 kite shield.
  7288 | D:7      | 7288 ||| DROPPING +0 buckler.
  7289 | D:7      | 7289 ||| READING 3 scrolls of identify.
  7289 | D:7      | 7289 ||| IDENTIFYING bubbling white potion
  7303 | D:8      | 7303 ||| INVOKING Heroism.
  7304 | D:8      | 7304 ||| STAIRDANCE
  7320 | D:8      | 7320 ||| STAIRDANCE
  7331 | D:8      | 7331 ||| STAIRDANCE
  7657 | D:8      | 7657 ||| INVOKING Heroism.
  7661 | D:8      | Reached skill level 6 in Shields
  7953 | D:8      | Found a snail-covered altar of Cheibriados.
  7955 | D:8      | Found Cheibriados's Comfort Zone.
  7963 | D:8      | 7963 ||| SHOPLISTING +1 crystal plate armour of
                  | ponderousness (930 gold, have 165).
  7971 | D:8      | Noticed Maggie
  7984 | D:8      | Killed Maggie
  7993 | D:8      | 7993 ||| INVOKING Heroism.
  8119 | D:8      | 8119 ||| Stepping ~*~*~tactically~*~*~ (stealth).
  8121 | D:8      | 8121 ||| Stepping ~*~*~tactically~*~*~ (stealth).
  8137 | D:8      | 8137 ||| Stepping ~*~*~tactically~*~*~ (hiding).
  8143 | D:8      | 8143 ||| INVOKING Heroism.
  8304 | D:8      | Found a snail-covered altar of Cheibriados.
  8586 | D:8      | 8586 ||| UPGRADING to +1 pair of boots of flying.
  8591 | D:8      | 8591 ||| DROPPING +0 swamp dragon scales.
  8696 | D:9      | Found a flagged portal.
  8703 | D:9      | Reached *** piety under Okawaru
  8704 | D:9      | Reached XP level 10. HP: 60/60 MP: 13/13
  8712 | D:9      | 8712 ||| Stepping ~*~*~tactically~*~*~ (stealth).
  8713 | D:9      | 8713 ||| Stepping ~*~*~tactically~*~*~ (stealth).
  8786 | D:9      | 8786 ||| INVOKING Heroism.
  8791 | D:9      | 8791 ||| Stepping ~*~*~tactically~*~*~ (stealth).
  9031 | D:9      | 9031 ||| INVOKING Heroism.
  9036 | D:9      | Reached skill level 9 in Axes
  9063 | D:9      | 9063 ||| DROPPING +2 flail of holy wrath.
  9079 | D:9      | 9079 ||| Stepping ~*~*~tactically~*~*~ (hiding).
  9085 | D:9      | 9085 ||| INVOKING Heroism.
  9100 | D:9      | 9100 ||| INVOKING Heroism.
  9102 | D:9      | Received a gift from Okawaru
  9303 | D:9      | 9303 ||| Stepping ~*~*~tactically~*~*~ (stealth).
  9305 | D:9      | 9305 ||| Stepping ~*~*~tactically~*~*~ (stealth).
  9311 | D:9      | 9311 ||| Stepping ~*~*~tactically~*~*~ (stealth).
  9312 | D:9      | 9312 ||| Stepping ~*~*~tactically~*~*~ (stealth).
  9319 | D:9      | 9319 ||| Stepping ~*~*~tactically~*~*~ (stealth).
  9321 | D:9      | 9321 ||| Stepping ~*~*~tactically~*~*~ (hiding).
  9812 | D:9      | 9812 ||| DRINKING 2 pink potions.
  9813 | D:9      | 9813 ||| READING 3 scrolls of identify.
  9813 | D:9      | 9813 ||| IDENTIFYING yellow potion
  9835 | D:10     | Entered Level 10 of the Dungeon
  9855 | D:10     | 9855 ||| Stepping ~*~*~tactically~*~*~ (stealth).
  9858 | D:10     | 9858 ||| INVOKING Heroism.
  9865 | D:10     | Reached skill level 9 in Shields
  9867 | D:10     | 9867 ||| Stepping ~*~*~tactically~*~*~ (hiding).
  9891 | D:10     | 9891 ||| FLEEEEING.
  9897 | D:10     | 9897 ||| STAIRDANCE
 10018 | D:10     | 10018 ||| Stepping ~*~*~tactically~*~*~ (stealth).
 10019 | D:10     | 10019 ||| DROPPING +2 flail of freezing.
 10020 | D:10     | 10020 ||| Stepping ~*~*~tactically~*~*~ (stealth).
 10022 | D:10     | 10022 ||| Stepping ~*~*~tactically~*~*~ (hiding).
 10023 | D:10     | 10023 ||| Stepping ~*~*~tactically~*~*~ (hiding).
 10024 | D:10     | 10024 ||| Stepping ~*~*~tactically~*~*~ (hiding).
 10025 | D:10     | 10025 ||| Stepping ~*~*~tactically~*~*~ (hiding).
 10033 | D:10     | 10033 ||| INVOKING Heroism.
 10036 | D:10     | 10036 ||| DRINKING 7 potions of curing.
 10036 | D:10     | 10036 ||| (to cure confusion)
 10048 | D:10     | 10048 ||| DRINKING 6 potions of curing.
 10048 | D:10     | 10048 ||| (to cure confusion)
 10056 | D:10     | 10056 ||| INVOKING Heroism.
 10097 | D:10     | 10097 ||| FLEEEEING.
 10098 | D:10     | 10098 ||| FLEEEEING.
 10106 | D:10     | 10106 ||| STAIRDANCE
 10171 | D:10     | 10171 ||| INVOKING Heroism.
 10184 | D:10     | Reached skill level 10 in Axes
 10200 | D:10     | Found Bugoniad's Distillery.
 10229 | D:10     | 10229 ||| BUYING potion of haste (160 gold).
 10229 | D:10     | Bought a potion of haste for 160 gold pieces
 10229 | D:10     | 10229 ||| BUYING potion of heal wounds (80 gold).
 10229 | D:10     | Bought a potion of heal wounds for 80 gold pieces
 10229 | D:10     | 10229 ||| BUYING potion of lignification (48 gold).
 10229 | D:10     | Bought a potion of lignification for 48 gold pieces
 10247 | D:10     | Identified the +2 leather armour "Ryucad" {Contam rC+
                  | Str+5}
 10407 | D:10     | 10407 ||| Stepping ~*~*~tactically~*~*~ (hiding).
 10414 | D:10     | 10414 ||| INVOKING Heroism.
 10422 | D:10     | Received a gift from Okawaru
 10429 | D:10     | 10429 ||| DRINKING 5 potions of curing.
 10429 | D:10     | 10429 ||| (to cure confusion)
 10433 | D:10     | HP: 14/63 [something (2)]
 10435 | D:10     | HP: 6/63 [something (5)]
 10439 | D:10     | Slain by a vampire

Levels and vault maps discovered:
D:1:      psy_arrival_statuary, layout_rooms,
          hellmonk_ecumenical_altar_dog_temple, lemuel_old_faithful
D:2:      layout_loops_corners, minmay_fountain_box, minmay_puff
D:3:      layout_loops_ring, mainiacjoe_overflow_alcove_2, serial_shops, shop,
          minmay_misc_feat_ornament, uniq_natasha
D:4:      minmay_angry_zag, layout_cave_pools, minmay_temple_entry_hall,
          corexii_checkpoint_a
D:5:      layout_layer_cave, uniq_menkaure
D:6:      layout_cave_pods, nicolae_good_shop
D:7:      layout_basic, mainiacjoe_overflow_swirl
D:8:      layout_cave_pods, slow_altar_1, minmay_shop_chei,
          minmay_misc_feat_doors, uniq_maggie
D:9:      layout_basic, nicolae_overflow_hidden_temple, enter_bailey_6
D:10:     layout_layer_cave, serial_shops, shop, eino_house_with_fridge
Temple:   minmay_crystal_spiral_temple

Skill      XL: |  1  2  3  4  5  6  7  8  9 10 |
---------------+-------------------------------+-----
Axes           | 2 3 4 5 6 7 8 10 | 10.0
Dodging        | 1 2 |  2.0
Throwing       | 1 2 |  2.0
Fighting       | 4 5 6 7 |  7.0
Invocations    | 1 4 |  4.0
Shields        | 8 9 |  9.0
Armour         | 4 5 |  5.3

Action                   |  1- 3 |  4- 6 |  7- 9 | 10-12 || total
-------------------------+-------+-------+-------+-------++-------
Melee: War axe           |   114 |   139 |   210 |   150 ||   613
Throw: Boomerang         |       |    14 |     2 |       ||    16
       Javelin           |       |    12 |    49 |    16 ||    77
Invok: Heroism           |       |       |     7 |     9 ||    16
  Use: Scroll            |     3 |    13 |     4 |     1 ||    21
       Potion            |       |     5 |       |     4 ||     9
 Stab: Distracted        |       |     1 |       |       ||     1
Armor: Scale mail        |    53 |    82 |    97 |    81 ||   313
Dodge: Dodged            |    64 |    85 |    95 |    48 ||   292
Block: Buckler           |    22 |    28 |    22 |       ||    72
       Kite shield       |       |       |    51 |    88 ||   139

Table legend:
 A = Non-vault XP
 B = Vault XP
 C = Vault XP percentage of total XP
 D = Non-vault monster count
 E = Vault monster count
 F = Vault count percentage of total count
                 A         B        C        D         E       F
            +---------+---------+-------+---------+---------+-------
      Total |    7407 |     618 |   7.7 |     182 |      16 |   8.1
            +---------+---------+-------+---------+---------+-------
        D:1 |      50 |       8 |  13.8 |      25 |       4 |  13.8
        D:2 |      42 |       4 |   8.7 |      16 |       2 |  11.1
        D:3 |      63 |      37 |  37.0 |      12 |       1 |   7.7
        D:4 |     265 |      11 |   4.0 |      14 |       6 |  30.0
        D:5 |     806 |     172 |  17.6 |      12 |       1 |   7.7
        D:6 |     593 |       0 |   0.0 |      10 |       0 |   0.0
        D:7 |     718 |      36 |   4.8 |      15 |       1 |   6.2
        D:8 |    1182 |     350 |  22.8 |      26 |       1 |   3.7
        D:9 |    1736 |       0 |   0.0 |      31 |       0 |   0.0
       D:10 |    1952 |       0 |   0.0 |      21 |       0 |   0.0
            +---------+---------+-------+---------+---------+-------
